 Dungeon Crawl Stone Soup version 0.23-a0-705-g0e654d2 (webtiles) character file.

145 zishaf the Vexing (level 5, -1/52 HPs)
             Began as an Ogre Arcane Marksman on Jan 15, 2019.
             Slain by Grinder (3 damage)
             ... on level 4 of the Dungeon.
             The game lasted 00:06:59 (3771 turns).

zishaf the Vexing (Ogre Arcane Marksman)            Turns: 3771, Time: 00:06:59

Health: -1/52      AC:  6    Str: 15    XL:     5   Next: 27%
Magic:  8/8        EV: 19    Int: 19    God:
Gold:   117        SH:  0    Dex: 14    Spells: 5/9 levels left

rFire    . . .     SeeInvis .   h - +1 short sword
rCold    . . .     Gourm    .   (no shield)
rNeg     . . .     Faith    .   a - +1 robe
rPois    .         Spirit   .   (helmet restricted)
rElec    .         Reflect  .   (no cloak)
rCorr    .         Harm     .   (gloves unavailable)
MR       .....                  (boots unavailable)
Stlth    ++........             (no amulet)
HPRegen  0.17/turn              t - +2 ring of protection
MPRegen  0.11/turn              c - +3 ring of evasion

@: brilliant, agile, very slightly contaminated, invisible
A: large, unfitting armour, tough skin 1
a: no special abilities


You were on level 4 of the Dungeon.
You were not hungry.

You visited 1 branch of the dungeon, and saw 4 of its levels.

You collected 117 gold pieces.

Inventory:

Hand Weapons
 h - a +1 short sword (weapon)
Missiles
 o - 78 stones (quivered)
Armour
 a - a +1 robe (worn)
Jewellery
 c - a +3 ring of evasion (right hand)
 i - a +3 ring of dexterity
 l - an uncursed ring of poison resistance
 t - a +2 ring of protection (left hand)
Scrolls
 b - 4 scrolls of identify
 g - a scroll of amnesia
 q - 3 scrolls of remove curse
 r - a scroll of blinking {unknown}
 s - 2 scrolls of random uselessness {unknown}
Potions
 e - a potion of flight {unknown}
 j - a potion of invisibility
 k - a potion of haste {unknown}
 m - a potion of ambrosia
 n - a potion of brilliance
Comestibles
 f - 11 rations
 p - 4 chunks of flesh


   Skills:
 + Level 2.9 Fighting
 + Level 2.9 Throwing
 + Level 2.6 Dodging
 + Level 2.5 Spellcasting
 + Level 3.3 Hexes
 + Level 0.5 Translocations


You had 5 spell levels left.
You knew the following spells:

 Your Spells              Type           Power        Failure   Level  Hunger
a - Corona                Hex            ####...      1%          1    #......
b - Portal Projectile     Hex/Tloc       ###...       2%          3    ###....

Your spell library contained the following spells:

 Spells                   Type           Power        Failure   Level  Hunger
 Slow                     Hex            ####....     1%          2    ##.....
 Inner Flame              Hex/Fire       ###.....     3%          3    ###....
 Cause Fear               Hex            ####......   4%          4    #####..
 Leda's Liquefaction      Hex/Erth       ###.......   10%         4    #####..


Dungeon Overview and Level Annotations

Branches:
Dungeon (4/15)
 Temple: D:4-7

Altars:
Kikubaaqudgha
Okawaru
Yredelemnul

Annotations:
D:3 2 transporters, theclanless's ghost, amateur NaFi
D:4 Grinder


Innate Abilities, Weirdness & Mutations

You are too large for most types of armour.
You have tough skin. (AC +1)


Message History

You suddenly lose the ability to move!
Grinder hits you but does no damage. Grinder gestures at you.
Pain shoots through your body! Grinder hits you!
You writhe in agony.
Grinder gestures at you.
You shrug off the repeated paralysis!
Grinder hits you.
You writhe in agony.
* * * LOW HITPOINT WARNING * * *
Grinder hits you.
* * * LOW HITPOINT WARNING * * *
You writhe in agony.
* * * LOW HITPOINT WARNING * * *
You can move again.
It was a potion of agility.
You feel agile all of a sudden. Grinder hits you.
* * * LOW HITPOINT WARNING * * *
You writhe in agony.
You die...

#.# #(# #.# ... #.# #.#
########## #5#
#(........ #@#
...######## #.#
....##....#.# #.# ######
..⌠....._.#.# #.# #....#
...≈.≈..≈.#.#
#.#####.##.#
...≈≈≈≈≈..#.##
#.......##.#
...≈≈≈...##..#
#######....#
...≈≈≈...##..# #.####
..≈≈≈≈..[.#..#########.#


You could see Grinder.

Vanquished Creatures
  A hound skeleton (D:4)
  5 adders
  2 oozes
  A worm (D:2)
  A dart slug (D:1)
  A leopard gecko (D:3)
  10 orcs (D:4)
  A ball python (D:3)
  6 bats
  A giant cockroach (D:2)
  8 goblins
  5 hobgoblins
  7 jackals
  8 kobolds
  3 frilled lizards
  3 rats
  A plant (D:1)
64 creatures vanquished.

Notes
Turn   | Place    | Note
-------+----------+-------------------------------------------
     0 | D:1      | zishaf the Ogre Arcane Marksman began the quest for the
                  | Orb.
     0 | D:1      | Reached XP level 1. HP: 19/19 MP: 2/2
   384 | D:1      | Reached XP level 2. HP: 26/28 MP: 4/4
  1253 | D:2      | Reached skill level 3 in Hexes
  1253 | D:2      | Reached XP level 3. HP: 35/35 MP: 5/5
  1735 | D:2      | Reached XP level 4. HP: 12/44 MP: 7/7
  2528 | D:2      | Learned a level 3 spell: Portal Projectile
  2626 | D:3      | Noticed theclanless's ghost (amateur NaFi)
  2631 | D:3      | Found a transporter.
  2631 | D:3      | Found a transporter.
  3101 | D:3      | Found an iron altar of Okawaru.
  3303 | D:4      | Found a basalt altar of Yredelemnul.
  3347 | D:4      | Reached XP level 5. HP: 42/50 MP: 8/8
  3713 | D:4      | Found an ancient bone altar of Kikubaaqudgha.
  3749 | D:4      | Noticed Grinder
  3764 | D:4      | Paralysed by Grinder for 7 turns
  3771 | D:4      | HP: 2/52 [Grinder (1)]
  3771 | D:4      | Slain by Grinder

Vault maps used:
D:1:      lightli_arrival_quake, chequers_serial_rivers_room_a,
          serial_bayou_pond_c
D:2:      minmay_chambers_of_ones
D:3:      lemuel_crystal_altar, first_ration, gammafunk_ghost_mausoleum
D:4:      kiku_gazebo_pond_becter, overflow_temple_1_default, serial_shops,
          shop_fountains, lemuel_flame_loot_1, uniq_robin, uniq_grinder

Skill      XL: |  1  2  3 |
---------------+----------+-----
Dodging        | 2 |  2.6
Fighting       | 2 |  2.9
Hexes          | 3 |  3.3
Spellcasting   | 2 |  2.5
Throwing       | |  2.9
Translocations | |  0.5

Action                   |  1- 3 |  4- 6 || total
-------------------------+-------+-------++-------
Melee: Short sword       |   200 |   105 ||   305
Throw: Large rock        |    10 |    10 ||    20
       Throwing net      |     3 |     2 ||     5
       Stone             |       |    56 ||    56
  Use: Scroll            |       |     6 ||     6
       Potion            |       |     3 ||     3
 Stab: Sleeping          |     2 |     2 ||     4
       Held in net/web   |       |     1 ||     1
  Eat: Chunk             |     3 |     6 ||     9
Armor: Robe              |    47 |    38 ||    85
Dodge: Dodged            |    77 |   105 ||   182

Table legend:
 A = Non-vault XP
 B = Vault XP
 C = Vault XP percentage of total XP
 D = Non-vault monster count
 E = Vault monster count
 F = Vault count percentage of total count
                 A         B        C        D         E       F
            +---------+---------+-------+---------+---------+-------
      Total |     199 |       9 |   4.3 |      58 |       5 |   7.9
            +---------+---------+-------+---------+---------+-------
        D:1 |      27 |       0 |   0.0 |      14 |       0 |   0.0
        D:2 |      66 |       9 |  12.0 |      21 |       5 |  19.2
        D:3 |      58 |       0 |   0.0 |      12 |       0 |   0.0
        D:4 |      48 |       0 |   0.0 |      11 |       0 |   0.0
            +---------+---------+-------+---------+---------+-------
